 Seeded DCSS version 0.29.0-7-g18a832c13a (webtiles) character file.

Game seed: 1 (custom seed)

301 Kazon the Trooper (level 5, -4/46 HPs)
             Began as a Demigod Fighter on Aug 30, 2022.
             Slain by an ogre
             ... wielding a +0 giant spiked club
              (34 damage)
             ... on level 4 of the Dungeon.
             The game lasted 00:10:49 (2476 turns).

Kazon the Trooper (Demigod Fighter)                 Turns: 2476, Time: 00:10:50

Health: -4/46      AC: 23    Str: 24    XL:     5   Next: 89%
Magic:  7/7        EV:  3    Int: 10    God:
Gold:   58         SH:  5    Dex: 17    Spells: 4/4 levels left

rFire   . . .      SeeInvis .   s - +3 falchion of Winter {venom, rCorr}
rCold   + . .      Faith    .   c - +0 buckler
rNeg    . . .      Spirit   .   f - +3 crystal plate armour "Moryef" {Harm rPois rC+ Str+7}
rPois   +          Reflect  .   l - +0 helmet
rElec   .          Harm     +   (no cloak)
rCorr   +          Rampage  .   (no gloves)
Will    .....                   m - +2 pair of boots
Stlth   ..........              q - amulet of regeneration
HPRegen 0.95/turn               (no ring)
MPRegen 0.10/turn               (no ring)

@: no status effects
A: high MP 1, forlorn, divine attributes
a: no special abilities


You were on level 4 of the Dungeon.
You visited 1 branch of the dungeon, and saw 6 of its levels.

You collected 242 gold pieces.
You spent 184 gold pieces at shops.

Inventory:

Hand Weapons
 a - a +0 long sword
 e - a +2 dagger of venom
 s - the +3 falchion of Winter (weapon) {venom, rCorr}
   (You bought it in a shop on level 3 of the Dungeon)

   It poisons the flesh of those it strikes.
   rCorr:     It protects you from acid and corrosion.
Missiles
 j - 14 stones
 k - 9 poisoned darts (quivered)
 n - 4 boomerangs
 r - a throwing net
Armour
 c - a +0 buckler (worn)
 f - the +3 crystal plate armour "Moryef" (worn) {Harm rPois rC+ Str+7}
   (You acquired it on level 1 of the Dungeon)

   Str:       It affects your strength (+7).
   rC:        It protects you from cold.
   rPois:     It protects you from poison.
   Harm:      It increases damage dealt and taken.
 l - a +0 helmet (worn)
 m - a +2 pair of boots (worn)
Jewellery
 q - an amulet of regeneration (around neck)
Wands
 x - a wand of flame (14)
Scrolls
 i - 2 scrolls of identify {unknown}
 p - a scroll of immolation {unknown}
 t - a scroll of fog {unknown}
 u - 2 scrolls of enchant weapon {unknown}
 w - a scroll of blinking {unknown}
Potions
 b - a potion of haste {unknown}
 d - a potion of might
 g - a potion of flight {unknown}
 h - a potion of attraction {unknown}
 o - a potion of berserk rage {unknown}
 v - a potion of magic {unknown}


   Skills:
 * Level 3.7 Fighting
 + Level 0.7(2.3) Short Blades
 + Level 3.5(3.6) Long Blades
 * Level 1.6 Throwing
 + Level 3.6 Armour
 + Level 0.1 Dodging
 + Level 3.3 Shields


You had 4 spell levels left.
You didn't know any spells.
Your spell library contained the following spells:

 Spells                   Type           Power      Damage    Failure   Level
 Apportation              Tloc           0%         N/A       100%        1
 Necrotise                Necr           0%         1d4       100%        1
 Sting                    Tmut/Pois      0%         1d3       100%        1
 Summon Small Mammal      Summ           0%         N/A       100%        1
 Poisonous Vapours        Pois/Air       0%         N/A       100%        2
 Olgreb's Toxic Radiance  Pois           0%         N/A       100%        4


Dungeon Overview and Level Annotations

Branches:
Dungeon (6/15)
 Temple: D:4-7

Shops:
D:3 (

Annotations:
D:5 Dowan, Duvessa


Innate Abilities, Weirdness & Mutations

You have an increased reservoir of magic. (+10% MP)
You shall have no god before yourself.
Your divine heritage dramatically boosts your attributes as you level up.


Message History

You kill the ball python!
You see here a ball python corpse.
There is a stone staircase leading down here.
Found 18 gold pieces.
An ogre comes into view. It is wielding a +0 giant spiked club.
Found a scroll labelled HYSU PIEWYDD.
Throw: 13 darts (poison)
Press: ? - help, Q - select action, (/) - cycle Shift-Dir - straight line, f - ogre
Aim: an ogre, wielding a +0 giant spiked club (75% to hit)
You throw a poisoned dart. The poisoned dart hits the ogre.
Unknown command.
Throw: 12 darts (poison)
Press: ? - help, Q - select action, (/) - cycle Shift-Dir - straight line, f/p - ogre
Aim: an ogre, wielding a +0 giant spiked club (75% to hit)
You throw a poisoned dart. The poisoned dart hits the ogre.
The ogre is poisoned.
Unknown command.
Throw: 11 darts (poison)
Press: ? - help, Q - select action, (/) - cycle Shift-Dir - straight line, f/p - ogre
Aim: an ogre, wielding a +0 giant spiked club (lightly wounded, poisoned, 75% to hit)
You throw a poisoned dart. The poisoned dart hits the ogre.
The ogre looks even sicker.
The ogre is lightly wounded.
Throw: 10 darts (poison)
Press: ? - help, Q - select action, (/) - cycle Shift-Dir - straight line, f/p - ogre
Aim: an ogre, wielding a +0 giant spiked club (lightly wounded, very poisoned, 75% to hit)
You throw a poisoned dart. The poisoned dart hits the ogre.
The ogre looks even sicker.
The ogre is lightly wounded.
You slash the ogre!
The ogre looks as sick as possible!
The ogre is heavily wounded.
The ogre hits you with a +0 giant spiked club!
You barely miss the ogre.
The ogre is heavily wounded.
The ogre hits you with a +0 giant spiked club.
You hit the ogre.
The ogre looks as sick as possible!
The ogre is severely wounded.
The ogre hits you with a +0 giant spiked club!!
Ouch! That really hurt!
You die...

#########
.?.
#.......#
#.#
##.......#
#.#
.#.......#
..$
)†.......#
##.###
##.......#
+.(..#
#.......#
#(#
##.......#
#O#
####...###
#@#
...###...#
###.# ...#
###.##
#...# ...#
#..# ##.###
...#
##.###..#
...#
#.†...#####
...#
##.>......#
...#
#........#
+###
#........#


You could see an ogre (extremely poisoned).

Vanquished Creatures
  Eustachio (D:4)
  A hound (D:4)
  3 gnolls (D:2)
  2 adders (D:2)
  A worm (D:2)
  2 dart slugs
  3 orcs
  7 endoplasms
  A giant cockroach (D:1)
  8 goblins
  9 hobgoblins
  6 jackals (D:3)
  7 kobolds
  2 quokkas
  4 ball pythons
  2 bats
  4 frilled lizards
  5 rats
68 creatures vanquished.

Notes
Turn   | Place    | Note
-------+----------+-------------------------------------------
     0 | D:1      | Kazon the Demigod Fighter began the quest for the Orb.
     0 | D:1      | Reached XP level 1. HP: 18/18 MP: 3/3
    44 | D:1      | Identified a scroll of acquirement
    44 | D:1      | Acquired the +3 crystal plate armour "Moryef" {Harm rPois
                  | rC+ Str+7}
   324 | D:1      | Reached XP level 2. HP: 21/25 MP: 4/4
   854 | D:3      | Found Umat's Antique Weapon Boutique.
   940 | D:2      | Reached XP level 3. HP: 31/31 MP: 5/5
  1388 | D:2      | Reached XP level 4. HP: 36/38 MP: 6/6
  1604 | D:3      | Bought a crude falchion for 184 gold pieces
  1604 | D:3      | Identified the +3 falchion of Winter {venom, rCorr} (You
                  | bought it in a shop on level 3 of the Dungeon)
  2186 | D:4      | You fall into a shaft and drop 2 floors!
  2191 | D:5      | Entered Level 5 of the Dungeon
  2213 | D:5      | Noticed Duvessa
  2213 | D:5      | Noticed Dowan
  2216 | D:4      | Noticed Eustachio
  2224 | D:4      | Killed Eustachio
  2225 | D:4      | Reached skill level 1 in Throwing
  2225 | D:4      | Reached XP level 5. HP: 45/45 MP: 7/7
  2466 | D:4      | Noticed an ogre
  2476 | D:4      | Slain by an ogre

Illustrated notes

Levels and vault maps discovered:
D:1:      dpeg_arrival_three_smaller_balls, layout_basic
D:2:      layout_loops_ring
D:3:      layout_basic, serial_shops, nicolae_shop_stone, st_stairs_7
D:4:      minmay_razor_zed, layout_basic, worldfamousw_hep_ancestral_shrine,
          uniq_eustachio, uniq_natasha
D:5:      layout_basic, uniq_duvessa
D:6:      layout_rooms, dilly_guarded_unrand_devastator

Skill      XL: |  1  2  3  4 |
---------------+-------------+-----
Armour         | 3 |  3.6
Fighting       | 3 |  3.7
Long Blades    | 2 3 |  3.5
Shields        | 3 |  3.3
Throwing       | 1 |  1.6
Short Blades   | |  0.7
Dodging        | |  0.1

Action                   |  1- 3 |  4- 6 || total
-------------------------+-------+-------++-------
Melee: Long sword        |   126 |       ||   126
       Dagger            |    23 |     6 ||    29
       Falchion          |       |    71 ||    71
Throw: Stone             |     2 |     6 ||     8
       Dart              |       |     4 ||     4
  Use: Scroll            |     1 |       ||     1
Armor: Scale mail        |    19 |       ||    19
       Crystal plate arm |    93 |    59 ||   152
Dodge: Dodged            |    46 |    11 ||    57
Block: Buckler           |    36 |    21 ||    57
